 Dungeon Crawl Stone Soup version 0.29-a0-422-gafbd6decc1 (webtiles) character file.

Game seed: 18146968340810166038

507588 jfcaron the Peltast (level 25, -1/206 HPs)
             Began as a Gnoll Artificer on May 16, 2022.
             Was the Champion of Zin.
             Killed from afar by a tengu reaver (54 damage)
             ... with a bolt of cold
             ... on level 2 of the Depths on May 18, 2022.
             The game lasted 04:11:59 (60593 turns).

jfcaron the Peltast (Gnoll Artificer)              Turns: 60593, Time: 04:12:16

Health: -1/206     AC: 29    Str: 20      XL:     25   Next: 41%
Magic:  43/43      EV: 18    Int: 11 (12) God:    Zin [******]
Gold:   282        SH: 27    Dex: 20      Spells: 12/57 levels left

rFire   + . .      SeeInvis .   a - +6 broad axe (elec)
rCold   . . .      Faith    .   M - +4 tower shield of Xurphohoa {rElec rCorr Slay+3}
rNeg    . . .      Spirit   .   R - +2 storm dragon scales {Bai Suzhen}
rPois   .          Reflect  .   Y - +0 helmet of Hide-and-Seek {Harm rF+ Will+ Slay+3}
rElec   +          Harm     +   K - +0 cloak "Jisevon" {Will+ Slay+3}
rCorr   +          Rampage  +   P - +1 pair of gloves {Dex+3}
Will    +++..                   L - +2 pair of boots of Dice, Bag, and Bottle {Rampage Regen+ Dex+2}
Stlth   ++++......              u - amulet of regeneration
HPRegen 2.04/turn               r - +4 ring of slaying
MPRegen 0.28/turn               t - +4 ring of slaying

@: lethally poisoned (-1 -> -2), studying 4 skills
A: fangs 1, strong nose, distributed training
}: 2/15 runes: serpentine, barnacled
a: Renounce Religion, Recite, Vitalisation, Imprison, Sanctuary, Donate Gold


You were on level 2 of the Depths.
You worshipped Zin.
Zin was exalted by your worship.
You visited 10 branches of the dungeon, and saw 44 of its levels.
You also visited: Sewer and Wizlab.

You collected 6628 gold pieces.
You spent 6113 gold pieces at shops.
You donated 233 gold pieces to Zin.

Inventory:

Hand Weapons
 a - a +6 broad axe of electrocution (weapon)
 b - the +9 staff of Olgreb {rPois∞}
   (You acquired it on level 8 of the Dungeon)

   If the wielder is skilled in Evocations, they can envenom those struck by it,
   dealing poison damage which bypasses armour.
   It enhances your poison magic.
   It grants immunity to poison.
   It can be activated via the 'a'bility menu to radiate toxic energy, with
   effectiveness depending on Evocations skill.
Missiles
 f - 10 boomerangs of dispersal {!f}
 h - 7 curare-tipped darts {!f}
 C - 15 silver javelins {!f}
 O - 3 throwing nets {!f}
 V - 18 javelins
Armour
 K - the +0 cloak "Jisevon" (worn) {Will+ Slay+3}
   (You bought it in a shop on level 1 of the Snake Pit)

   Slay:      It affects your accuracy & damage with ranged weapons and melee
   (+3).
   Will:      It increases your willpower.
 L - the +2 pair of boots of Dice, Bag, and Bottle (worn) {Rampage Regen+ Dex+2}
   (You bought it in a shop on level 1 of the Snake Pit)

   Dex:       It affects your dexterity (+2).
   Regen:     It increases your rate of health regeneration.
   Rampage:   It bestows one free step when moving towards enemies.
 M - the +4 tower shield of Xurphohoa (worn) {rElec rCorr Slay+3}
   (You acquired it on level 3 of the Crypt)

   Slay:      It affects your accuracy & damage with ranged weapons and melee
   (+3).
   rElec:     It insulates you from electricity.
   rCorr:     It protects you from acid and corrosion.
 P - a +1 pair of gloves of dexterity (worn)
 R - +2 storm dragon scales (worn) {Bai Suzhen}
 Y - the +0 helmet of Hide-and-Seek (worn) {Harm rF+ Will+ Slay+3}
   (You found it on level 13 of the Dungeon)

   Slay:      It affects your accuracy & damage with ranged weapons and melee
   (+3).
   rF:        It protects you from fire.
   Harm:      It increases damage dealt and taken.
   Will:      It increases your willpower.
Jewellery
 j - the ring of Ruicuamn {+Blink rF+ Str+2 Dex+6}
   (You took it off a deep elf sorcerer on level 3 of the Elven Halls)

   [ring of dexterity]

   Str:       It affects your strength (+2).
   Dex:       It affects your dexterity (+6).
   rF:        It protects you from fire.
   +Blink:    It lets you blink.
 r - a +4 ring of slaying (left hand)
 t - a +4 ring of slaying (right hand)
 u - an amulet of regeneration (around neck)
 G - the ring "Diec" {Fly Will+ rCorr Str-2 SInv}
   (You bought it in a shop on level 2 of the Snake Pit)

   [ring of flight]

   Str:       It affects your strength (-2).
   SInv:      It lets you see invisible.
   Fly:       It grants you flight.
   rCorr:     It protects you from acid and corrosion.
   Will:      It increases your willpower.
 W - a ring of protection from cold
Wands
 d - a wand of charming (30)
 e - a wand of iceblast (43)
 B - a wand of digging (5)
 S - a wand of acid (17)
Scrolls
 l - 7 scrolls of fog
 m - 6 scrolls of immolation
 s - 8 scrolls of poison
 w - 7 scrolls of magic mapping
 z - 23 scrolls of teleportation
 A - 7 scrolls of fear
 D - 5 scrolls of summoning
 F - 8 scrolls of blinking
 N - 2 scrolls of silence
 T - 12 scrolls of vulnerability
 Z - a scroll of enchant armour
Potions
 c - 5 potions of invisibility
 g - 13 potions of might
 i - 6 potions of magic
 k - 15 potions of curing
 n - 8 potions of haste
 o - 14 potions of mutation
 q - 9 potions of resistance
 v - 16 potions of heal wounds
 E - 5 potions of cancellation
 H - 2 potions of berserk rage
 I - 5 potions of brilliance
 Q - 15 potions of ambrosia
 X - 10 potions of attraction
Miscellaneous
 p - a tin of tremorstones (2/2)
 y - a phial of floods
 J - a phantom mirror
 U - a lightning rod (4/4)


   Skills:
 + Level 18.9 Fighting
 + Level 16.5 Short Blades
 + Level 16.5 Long Blades
 + Level 16.8 Axes
 + Level 16.5 Maces & Flails
 + Level 16.5 Polearms
 + Level 16.5 Staves
 + Level 16.5 Slings
 + Level 16.5 Bows
 + Level 16.5 Crossbows
 + Level 16.5 Throwing
 + Level 17.1 Armour
 + Level 19.1 Dodging
 + Level 16.7 Stealth
 + Level 20.4 Shields
 + Level 16.5 Unarmed Combat
 + Level 16.5 Spellcasting
 + Level 14.1 Conjurations
 + Level 14.1 Hexes
 + Level 14.1 Summonings
 + Level 14.1 Necromancy
 + Level 14.1 Translocations
 + Level 14.1 Transmutations
 + Level 14.1 Fire Magic
 + Level 14.1 Ice Magic
 + Level 14.1 Air Magic
 + Level 14.1 Earth Magic
 + Level 14.1 Poison Magic
 + Level 17.9 Invocations
 + Level 17.6 Evocations


You had 12 spell levels left.
You knew the following spells:

 Your Spells              Type           Power      Damage    Failure   Level
a - Passwall              Tmut/Erth      33%        N/A       1%          2
b - Ensorcelled Hibernat  Hex/Ice        80%        N/A       1%          2
c - Ignite Poison         Fire/Tmut/Pois 40%        N/A       1%          3
d - Mephitic Cloud        Conj/Pois/Air  40%        N/A       1%          3
e - Swiftness             Air            40%        N/A       1%          3
f - Hailstorm             Conj/Ice       40%        3d10      1%          4
g - Flame Wave            Conj/Fire      40%        2d9       1%          4
h - Summon Lightning Spi  Summ/Air       40%        N/A       1%          4
i - Animate Armour        Summ/Erth      80%        N/A       1%          4
j - Alistair's Intoxicat  Tmut/Pois      26%        N/A       5%          5
k - Freezing Cloud        Conj/Ice/Air   20%        6-21      5%          5
l - Silence               Hex/Air        20%        N/A       5%          5
m - Apportation           Tloc           80%        N/A       1%          1

Your spell library contained the following spells:

 Spells                   Type           Power      Damage    Failure   Level
 Animate Skeleton         Necr           80%        N/A       1%          1
 Beastly Appendage        Tmut           80%        N/A       1%          1
 Magic Dart               Conj           100%       1d8       1%          1
 Pain                     Necr           100%       1d9       1%          1
 Sandblast                Erth           80%        2d17      1%          1
 Shock                    Conj/Air       100%       1d9       1%          1
 Slow                     Hex            100%       N/A       1%          1
 Sting                    Tmut/Pois      100%       1d8       1%          1
 Summon Small Mammal      Summ           100%       N/A       1%          1
 Call Imp                 Summ           40%        N/A       1%          2
 Corpse Rot               Necr/Air       80%        N/A       1%          2
 Poisonous Vapours        Pois/Air       80%        N/A       1%          2
 Scorch                   Fire           80%        2d9       1%          2
 Sublimation of Blood     Necr           40%        N/A       1%          2
 Wereblood                Tmut           40%        N/A       1%          2
 Confusing Touch          Hex            40%        N/A       1%          3
 Conjure Flame            Conj/Fire      40%        6-21      1%          3
 Dazzling Flash           Conj/Hex       80%        N/A       1%          3
 Gell's Gravitas          Tloc           40%        N/A       1%          3
 Inner Flame              Hex/Fire       40%        N/A       1%          3
 Portal Projectile        Hex/Tloc       80%        N/A       1%          3
 Spider Form              Tmut/Pois      40%        N/A       1%          3
 Stone Arrow              Conj/Erth      80%        3d12      1%          3
 Summon Guardian Golem    Hex/Summ       40%        N/A       1%          3
 Teleport Other           Tloc           40%        N/A       1%          3
 Vampiric Draining        Necr           40%        2d8       1%          3
 Airstrike                Air            20%        N/A       1%          4
 Cause Fear               Hex            20%        N/A       1%          4
 Fulminant Prism          Conj/Hex       20%        3d13      1%          4
 Ice Form                 Ice/Tmut       40%        N/A       1%          4
 Iskenderun's Mystic Bla  Conj/Tloc      40%        2d9       1%          4
 Olgreb's Toxic Radiance  Pois           40%        N/A       1%          4
 Petrify                  Tmut/Erth      40%        N/A       1%          4
 Summon Ice Beast         Ice/Summ       40%        N/A       1%          4
 Agony                    Necr           40%        N/A       5%          5
 Blade Hands              Tmut           20%        N/A       5%          5
 Borgnjor's Vile Clutch   Necr/Erth      20%        N/A       5%          5
 Excruciating Wounds      Necr           20%        N/A       5%          5
 Fireball                 Conj/Fire      20%        3d10      5%          5
 Irradiate                Conj/Tmut      20%        3d20      5%          5
 Iskenderun's Battlesphe  Conj           40%        2d9       5%          5
 Lee's Rapid Deconstruct  Erth           20%        3d13*     5%          5
 Lightning Bolt           Conj/Air       20%        1d35      5%          5
 Manifold Assault         Tloc           40%        N/A       5%          5
 Metabolic Englaciation   Hex/Ice        20%        N/A       5%          5
 Summon Forest            Summ/Tloc      20%        N/A       5%          5
 Summon Mana Viper        Hex/Summ       40%        N/A       5%          5
 Yara's Violent Unravell  Hex/Tmut       20%        3d9       5%          5
 Dispersal                Tloc           20%        N/A       28%         6
 Eringya's Noxious Bog    Tmut/Pois      20%        N/A       28%         6
 Iron Shot                Conj/Erth      20%        9d5       28%         6
 Simulacrum               Ice/Necr       20%        N/A       28%         6
 Starburst                Conj/Fire      20%        6d7       28%         6
 Statue Form              Tmut/Erth      26%        N/A       28%         6
 Summon Cactus Giant      Summ           20%        N/A       28%         6
 Malign Gateway           Summ/Tloc      20%        N/A       85%         7
 Ozocubu's Refrigeration  Ice            20%        4d9       85%         7
 Spellforged Servitor     Conj/Summ      20%        N/A       85%         7
 Discord                  Hex            20%        N/A       100%        8
 Disjunction              Tloc           20%        N/A       100%        8
 Ignition                 Fire           20%        3d7       100%        8
 Lehudib's Crystal Spear  Conj/Erth      20%        10d6      100%        8
 Summon Horrible Things   Summ           20%        N/A       100%        8
 Fire Storm               Conj/Fire      20%        8d5       100%        9
 Polar Vortex             Ice            20%        N/A       100%        9


Dungeon Overview and Level Annotations

Branches:
Dungeon (15/15)            Temple (1/1) D:5            Lair (6/6) D:8
 Shoals (4/4) Lair:4        Snake (4/4) Lair:4        Slime (0/5) Lair:6
    Orc (2/2) D:10            Elf (3/3) Orc:2        Vaults (4/5) D:14
  Crypt (3/3) Vaults:2       Tomb (0/3) Crypt:3      Depths (2/4) D:15
  Sewer (visited)          WizLab (visited)

Altars:
Ashenzari
Cheibriados
Dithmenos
Elyvilon
Fedhas
Gozag
Hepliaklqana
Kikubaaqudgha
Makhleb
Nemelex Xobeh
Okawaru
Qazlal
Ru
Sif Muna
Trog
Uskayaw
Vehumet
Wu Jian
Xom
Yredelemnul
Zin
The Shining One
Beogh

Shops:
D:4 (   D:7 *   D:11 ?   Orc:2 :![*   Elf:2 *   Shoals:3 :   Shoals:4 *?(!
Snake:1 [[*   Snake:2 =*[*   Snake:4 *   Vaults:1 (   Vaults:2 =   Vaults:3 *
Depths:1 :=:

Portals:
Hell: Depths:1 Depths:2
Abyss: Depths:1 Depths:2
Pandemonium: Depths:2
Ziggurat: Depths:1


Innate Abilities, Weirdness & Mutations

You have very sharp teeth.
Your uncanny sense of smell can sniff out nearby items.
Your experience applies equally to all skills.


Message History

The caustic shrike easily resists.
You block the caustic shrike's attack. x2
Aiming: Paralyse
Press: ? - help, Shift-Dir - straight line, f/p - caustic shrike
Aim: a caustic shrike (chance to affect: 31%)
The caustic shrike easily resists.
The caustic shrike claws you.
You are splashed with acid.
You resist. You block the caustic shrike's attack.
Aiming: Paralyse
Press: ? - help, Shift-Dir - straight line, f/p - caustic shrike
Aim: a caustic shrike (chance to affect: 31%)
The caustic shrike easily resists.
The now-empty wand crumbles to dust.
The caustic shrike closely misses you. The caustic shrike misses you.
No previous command to re-do.
You slash the caustic shrike!
Lightning courses through the caustic shrike!
The caustic shrike is heavily wounded.
You block the caustic shrike's attack.
You carve the caustic shrike like a ham!!!
You bite the caustic shrike!!
You kill the caustic shrike!
You slice the tengu reaver!!
The tengu reaver is moderately wounded.
The tengu reaver hits you with a +1 bardiche of venom!!
* * * LOW HITPOINT WARNING * * *
You are poisoned.
You block the tengu reaver's attack. x2
You miss the tengu reaver.
The tengu reaver is moderately wounded.
You feel very sick. The tengu reaver casts a spell at you.
The bolt of cold misses you.
You slice the tengu reaver!!
The tengu reaver is severely wounded.
You feel very sick.
You closely miss the tengu reaver.
You bite the tengu reaver, but do no damage.
The tengu reaver is severely wounded.
You feel very sick. The tengu reaver casts a spell at you.
The bolt of cold hits you!!!
You die...

#...................###........
#...##...#..........'.#'###'#'#
#)..#....##########.#.......#..
#...#.##'##...#...###.......#..
###..####.....#..##.#.#.......#..
.....#..###'#...###.#.#.......#..
##...#......##.###.##.##......###
.#####......#.###Q####.##.......#
..###.......#.##@#yD|#..##......#
.8.#........#...##HD$#..†#......#
....#.......######||##.†.'.....##
)...###.....#....####..††###+###.
......##..###....#..#.....#..#...
.8.#...####......'..#...###..##..
..##....#.......##..#...#.....##.
.###....#.......#=..###'#......#.
........#.[.#####..##...###....#.


You could see a shadow dragon, a storm dragon, a sphinx, a tengu reaver and a
spark wasp.

Vanquished Creatures
  A dread lich (Crypt:3)
  An ancient lich (Crypt:3)
  Mara (Snake:3)
  Bai Suzhen (Crypt:1)
  A curse toe (Crypt:3)
  A caustic shrike (Depths:2)
  Jorgrun (Snake:3)
  The ghost of Ulaemata the Spry, an adept HaHu of Gozag (Vaults:4)
  3 liches
  3 deep elf blademasters
  2 titans
  A walking frostbound tome (Depths:2)
  5 deep elf master archers
  A kraken (Shoals:4)
  Gastronok (D:10)
  11 ancient champions
  2 sphinxes
  A storm dragon (Elf:1)
  A tengu reaver (Depths:2)
  A thorn hunter (WizLab)
  Agnes (Snake:3)
  A revenant (Crypt:3)
  Roxanne (Snake:1)
  3 fenstrider witches (WizLab)
  6 frost giants
  7 vault wardens
  2 fire giants
  2 nagarajas (Snake:4)
  7 deep elf sorcerers
  An iron dragon (Elf:1)
  A juggernaut zombie (Crypt:3)
  3 orc warlords
  A balrug (Depths:1)
  Aizul (Crypt:1)
  4 curse skulls
  2 deep elf elementalists (Elf:3)
  19 ironbound preservers
  2 war gargoyles
  6 ghouls (Crypt:2)
  7 ironbound thunderhulks
  4 reapers
  8 stone giants
  6 vampire knights
  17 very ugly things
  4 deep elf demonologists (Elf:3)
  5 deep elf annihilators (Elf:3)
  An eleionoma (WizLab)
  2 entropy weavers
  16 dire elephants
  A minotaur (Lair:2)
  2 crystal guardians
  5 deep elf death magi
  6 fire dragons
  A blizzard demon (Depths:2)
  2 eidola
  7 ettins
  3 merfolk impalers
  A shambling mangrove (WizLab)
  Josephine (D:12)
  2 jiangshi (Crypt:1)
  7 merfolk javelineers
  A quicksilver dragon skeleton (Crypt:3)
  7 yaktaur captains
  6 great orbs of eyes
  5 deep elf high priests
  2 rakshasas
  2 peacekeepers
  A hell beast (Depths:2)
  11 hydras
  4 ice dragons
  The ghost of Nipigouma the Protected, a journeyman DjBe of Trog (Lair:1)
  3 catoblepae
  4 boulder beetles
  3 salamander tyrants
  2 ogre magi (D:15)
  The ghost of hquester the Ducker, a novice TrBe of Trog (D:10)
  12 two-headed ogres
  12 vault guards
  20 centaur warriors
  10 anacondas
  7 ironbound frosthearts
  5 merfolk avatars
  2 spriggan skeletons (Crypt:3)
  5 merfolk aquamancers
  33 dancing weapons
  3 alligator snapping turtles
  9 naga warriors
  4 death yaks (Lair:6)
  4 satyrs
  The ghost of Mistam the Thaumaturge, a journeyman TeCj of Ashenzari (Lair:2)
  7 deep troll shamans
  A hell hog (Depths:2)
  2 deep troll earth magi (Depths:1)
  3 death knights
  A tengu warrior (D:13)
  An orc high priest (Elf:3)
  A soul eater (Depths:2)
  A spriggan berserker (Depths:2)
  A titan zombie (Crypt:2)
  4 vampire magi
  18 deep elf knights
  11 naga sharpshooters
  4 shock serpents
  3 sun demons (Depths:2)
  9 salamander mystics
  A titan skeleton (Crypt:3)
  7 iron trolls
  A sixfirhy (Depths:2)
  64 deep trolls
  45 skeletal warriors
  7 flayed ghosts
  15 sea snakes
  An entropy weaver zombie (Crypt:2)
  2 glowing orange brains
  9 naga ritualists
  2 bunyip zombies (Crypt:3)
  A golden dragon zombie (Crypt:3)
  A bog body (Crypt:2)
  7 lindwurms
  12 wizards
  23 deep elf pyromancers
  15 deep elf archers
  An obsidian statue (D:14)
  6 phantasmal warriors
  12 ironbound convokers
  An anaconda skeleton (Crypt:3)
  5 orc knights
  17 deep elf zephyrmancers
  27 harpies
  5 necromancers
  An iron giant skeleton (Crypt:3)
  12 fauns
  8 cyclopes
  15 mana vipers
  An oklob plant (WizLab)
  A wolf spider (D:13)
  62 ugly things
  25 salamanders
  18 manticores
  12 orc sorcerers
  15 naga magi
  6 elephants
  11 merfolk sirens
  A fire giant skeleton (Crypt:2)
  9 guardian serpents
  A torpor snail (Lair:3)
  A frost giant skeleton (Crypt:3)
  5 water nymphs
  2 rust devils (Depths:2)
  18 vault sentinels
  34 black mambas
  16 cane toads
  Maggie (D:7)
  3 gargoyles
  2 kobold demonologists (D:10)
  An iron troll zombie (Crypt:1)
  A dire elephant skeleton (Crypt:3)
  2 rime drakes
  4 tengu conjurers (Depths:1)
  3 freezing wraiths (Crypt:2)
  2 naga skeletons (Crypt:2)
  A pale draconian skeleton (Crypt:2)
  29 yaktaurs
  11 komodo dragons
  A red devil (Depths:2)
  A guardian mummy (Crypt:3)
  A black draconian skeleton (Crypt:2)
  A purple draconian skeleton (Crypt:1)
  A queen bee (Lair:1)
  6 meliai
  5 trolls
  28 merfolk
  A hydra skeleton (Crypt:2)
  3 polar bears
  11 wind drakes
  Prince Ribbit (D:7)
  A hornet (D:8)
  14 blink frogs
  A fire dragon zombie (Crypt:2)
  8 dream sheep
  A culicivora zombie (Crypt:2)
  30 slime creatures
  14 snapping turtles
  A ynoxinul (Depths:2)
  12 water elementals
  A satyr skeleton (Crypt:2)
  11 wraiths
  38 yaks
  2 spriggans (shapeshifter)
  A vampire (D:12)
  3 shadows
  3 air elementals
  A black mamba skeleton (Crypt:3)
  5 wyverns
  17 humans (D:14)
  7 basilisks
  4 steam dragons
  A neqoxec (Depths:2)
  Menkaure (D:5)
  A naga zombie (Crypt:3)
  Edmund (D:4)
  42 nagas
  5 wargs
  A deep troll skeleton (Crypt:3)
  14 water moccasins
  A water nymph zombie (Crypt:3)
  3 ice beasts
  18 orc warriors
  9 black bears
  21 wolves
  An elephant skeleton (Crypt:3)
  13 ogres
  A boggart (Vaults:3)
  20 centaurs
  A hog skeleton (Crypt:2)
  10 kobold brigands
  6 bullfrogs
  A rime drake skeleton (Crypt:3)
  Blork the orc (D:4)
  A gnoll sergeant (D:7)
  A scorpion (D:6)
  2 earth elementals (Elf:3)
  3 necrophages (Crypt:2)
  A cyclops skeleton (Crypt:3)
  9 wights (D:8)
  A spriggan zombie (Crypt:1)
  A raiju zombie (Crypt:1)
  26 killer bees
  A troll skeleton (Crypt:1)
  A polar bear skeleton (Crypt:3)
  3 howler monkeys
  An electric eel (Lair:1)
  Crazy Yiuf (D:4)
  A hound (D:7)
  16 jellies
  16 orc priests
  An iguana (D:7)
  36 orc wizards
  A deep dwarf zombie (Crypt:1)
  An ogre zombie (Crypt:3)
  12 mummies (Crypt:3)
  A howler monkey zombie (Crypt:1)
  13 gnolls
  2 river rats (D:6)
  12 adders
  A shadow imp (D:7)
  2 white imps
  An ufetubus (D:5)
  A dart slug (D:2)
  77 orcs
  10 ball pythons
  8 endoplasms
  7 giant cockroaches
  3 goblins
  10 hobgoblins
  3 jackals (D:3)
  3 quokkas
  A ball python skeleton (Crypt:3)
  4 bats
  9 frilled lizards
  A giant cockroach zombie (Crypt:1)
  6 kobolds
  5 rats
  A river rat skeleton (Crypt:2)
  33 fungi
  12 pillars of salt
  79 plants
  8 tentacles (Shoals:4)
1942 creatures vanquished.

Notes
Turn   | Place    | Note
-------+----------+-------------------------------------------
     0 | D:1      | jfcaron the Gnoll Artificer began the quest for the Orb.
     0 | D:1      | Reached XP level 1. HP: 17/17 MP: 1/1
   295 | D:1      | HP: 2/17 [rat (2)]
   672 | D:1      | Reached XP level 2. HP: 19/23 MP: 2/2
  1403 | D:1      | Reached XP level 3. HP: 28/28 MP: 3/3
  2032 | D:2      | Reached skill level 1 in Invocations
  2393 | D:3      | Reached skill level 1 in Short Blades
  2393 | D:3      | Reached skill level 1 in Long Blades
  2393 | D:3      | Reached skill level 1 in Axes
  2393 | D:3      | Reached skill level 1 in Maces & Flails
  2393 | D:3      | Reached skill level 1 in Polearms
  2393 | D:3      | Reached skill level 1 in Staves
  2393 | D:3      | Reached skill level 1 in Slings
  2393 | D:3      | Reached skill level 1 in Bows
  2393 | D:3      | Reached skill level 1 in Crossbows
  2393 | D:3      | Reached skill level 1 in Throwing
  2393 | D:3      | Reached skill level 1 in Shields
  2393 | D:3      | Reached skill level 1 in Unarmed Combat
  2393 | D:3      | Reached skill level 1 in Spellcasting
  2433 | D:3      | Reached XP level 4. HP: 34/34 MP: 5/5
  2731 | D:3      | Noticed a bullfrog
  2743 | D:3      | Killed a bullfrog
  2744 | D:3      | Reached skill level 1 in Conjurations
  2744 | D:3      | Reached skill level 1 in Hexes
  2744 | D:3      | Reached skill level 1 in Summonings
  2744 | D:3      | Reached skill level 1 in Necromancy
  2744 | D:3      | Reached skill level 1 in Translocations
  2744 | D:3      | Reached skill level 1 in Transmutations
  2744 | D:3      | Reached skill level 1 in Fire Magic
  2744 | D:3      | Reached skill level 1 in Ice Magic
  2744 | D:3      | Reached skill level 1 in Air Magic
  2744 | D:3      | Reached skill level 1 in Earth Magic
  2744 | D:3      | Reached skill level 1 in Poison Magic
  2744 | D:3      | Reached XP level 5. HP: 40/40 MP: 5/7
  2772 | D:3      | Found a faded altar of an unknown god.
  3324 | D:4      | Noticed Edmund
  3351 | D:4      | Found Hetuocs's Weapon Emporium.
  3360 | D:4      | Killed Edmund
  3361 | D:4      | Reached skill level 5 in Armour
  3361 | D:4      | Reached XP level 6. HP: 39/47 MP: 8/8
  3373 | D:4      | Bought a +0 broad axe of electrocution for 156 gold pieces
  3476 | D:4      | Reached skill level 2 in Shields
  3499 | D:4      | Noticed Blork the orc
  3518 | D:4      | Killed Blork the orc
  3519 | D:4      | Reached XP level 7. HP: 52/52 MP: 10/10
  3647 | D:4      | Found a runed translucent door.
  3648 | D:4      | Noticed Crazy Yiuf
  4167 | D:5      | Entered Level 5 of the Dungeon
  4565 | D:5      | Found a staircase to the Ecumenical Temple.
  4605 | Temple   | Entered the Ecumenical Temple
  4872 | Temple   | Became a worshipper of Zin the Law-Giver
  4872 | Temple   | Reached * piety under Zin
  5027 | D:5      | Noticed Menkaure
  5034 | D:5      | Killed Menkaure
  5035 | D:5      | Reached XP level 8. HP: 39/60 MP: 12/12
  5348 | D:6      | Reached skill level 3 in Shields
  5448 | D:6      | Found a glowing drain.
  5466 | Sewer    | Entered a sewer
  5792 | D:6      | Reached ** piety under Zin
  6863 | D:7      | Noticed Maggie
  6872 | D:7      | Killed Maggie
  6873 | D:7      | Reached XP level 9. HP: 55/67 MP: 14/14
  6913 | D:7      | Noticed Prince Ribbit
  6920 | D:7      | Killed Prince Ribbit
  6921 | D:7      | Reached skill level 4 in Shields
  7019 | D:7      | Reached skill level 5 in Fighting
  7019 | D:7      | Reached skill level 5 in Dodging
  7115 | D:7      | Reached skill level 5 in Stealth
  7153 | D:7      | Found Jyn Kuesch's General Store.
  7489 | D:7      | Reached *** piety under Zin
  7719 | D:8      | Reached skill level 5 in Invocations
  7803 | D:8      | Found a staircase to the Lair.
  7812 | D:8      | Identified a scroll of acquirement
  8106 | D:8      | Found a burning altar of Makhleb.
  8187 | D:8      | Acquired the +9 staff of Olgreb {rPois∞}
  8187 | D:8      | Found the +9 staff of Olgreb {rPois∞}
  8423 | D:8      | Reached XP level 10. HP: 74/74 MP: 17/17
  8776 | D:9      | Reached skill level 5 in Short Blades
  8776 | D:9      | Reached skill level 5 in Long Blades
  8776 | D:9      | Reached skill level 5 in Axes
  8776 | D:9      | Reached skill level 5 in Maces & Flails
  8776 | D:9      | Reached skill level 5 in Polearms
  8776 | D:9      | Reached skill level 5 in Staves
  8776 | D:9      | Reached skill level 5 in Slings
  8776 | D:9      | Reached skill level 5 in Bows
  8776 | D:9      | Reached skill level 5 in Crossbows
  8776 | D:9      | Reached skill level 5 in Throwing
  8776 | D:9      | Reached skill level 5 in Shields
  8776 | D:9      | Reached skill level 5 in Unarmed Combat
  8776 | D:9      | Reached skill level 5 in Spellcasting
  8932 | D:9      | Acquired the +3 chain mail of Uskayaw's Condemnation
                  | {Regen+}
  8985 | D:9      | Reached **** piety under Zin
  9390 | D:10     | Entered Level 10 of the Dungeon
  9563 | D:10     | Noticed a two-headed ogre
  9573 | D:10     | Killed a two-headed ogre
  9730 | D:10     | Reached ***** piety under Zin
  9923 | D:10     | Noticed Gastronok
  9939 | D:10     | HP: 15/76 [Gastronok/the air (28)]
  9944 | D:10     | Killed Gastronok
  9945 | D:10     | Reached skill level 6 in Shields
  9945 | D:10     | Reached XP level 11. HP: 47/83 MP: 18/20
 10151 | D:10     | Found a runed translucent gate.
 10151 | D:10     | Found a runed translucent gate.
 10151 | D:10     | Found a runed translucent gate.
 10152 | D:10     | Noticed hquester's ghost (novice TrBe)
 10160 | D:10     | Reached skill level 5 in Conjurations
 10160 | D:10     | Reached skill level 5 in Hexes
 10160 | D:10     | Reached skill level 5 in Summonings
 10160 | D:10     | Reached skill level 5 in Necromancy
 10160 | D:10     | Reached skill level 5 in Translocations
 10160 | D:10     | Reached skill level 5 in Transmutations
 10160 | D:10     | Reached skill level 5 in Fire Magic
 10160 | D:10     | Reached skill level 5 in Ice Magic
 10160 | D:10     | Reached skill level 5 in Air Magic
 10160 | D:10     | Reached skill level 5 in Earth Magic
 10160 | D:10     | Reached skill level 5 in Poison Magic
 10178 | D:10     | Found a staircase to the Orcish Mines.
 10506 | D:4      | Killed Crazy Yiuf
 10662 | Lair:1   | Entered Level 1 of the Lair of Beasts
 10757 | Lair:1   | Found a transporter.
 10757 | Lair:1   | Noticed Nipigouma's ghost (journeyman DjBe)
 11333 | Lair:1   | Noticed an eight-headed hydra
 11345 | Lair:1   | Killed a two-headed hydra
 11404 | Lair:1   | Found a transporter.
 11951 | Lair:2   | Noticed an eight-headed hydra
 11960 | Lair:2   | Killed a four-headed hydra
 12020 | Lair:2   | Reached XP level 12. HP: 91/91 MP: 6/22
 12144 | Lair:2   | Noticed Mistam's ghost (journeyman TeCj)
 12264 | Lair:2   | Found a runed translucent gate.
 12265 | Lair:2   | Upgraded the game from 0.29-a0-414-g5075937ec3 to
                  | 0.29-a0-416-g83a48905f1
 12266 | Lair:2   | Found a runed translucent gate.
 12267 | Lair:2   | Found a runed translucent gate.
 12274 | Lair:2   | Noticed a minotaur
 12317 | Lair:2   | Reached skill level 7 in Shields
 12381 | Lair:2   | You fall into a shaft and drop 2 floors!
 12381 | Lair:4   | Found a staircase to the Shoals.
 12382 | Lair:4   | Noticed a catoblepas
 12395 | Lair:4   | Killed a catoblepas
 12908 | Lair:2   | Reached skill level 10 in Evocations
 13577 | Lair:3   | Reached ****** piety under Zin
 13888 | Lair:3   | Noticed a seven-headed hydra
 13898 | Lair:3   | Killed a four-headed hydra
 14548 | Lair:4   | Reached XP level 13. HP: 98/98 MP: 24/24
 14741 | Lair:4   | Reached skill level 8 in Shields
 14795 | Lair:4   | Found a staircase to the Snake Pit.
 16318 | Lair:6   | Entered Level 6 of the Lair of Beasts
 16640 | Lair:6   | Found a staircase to the Slime Pits.
 17770 | Lair:6   | Reached skill level 10 in Armour
 17895 | Lair:6   | Reached XP level 14. HP: 92/108 MP: 14/26
 17901 | Lair:6   | Reached skill level 9 in Shields
 17906 | Lair:6   | Noticed a dire elephant
 17921 | Lair:6   | Killed a dire elephant
 18193 | D:7      | Bought a wand of iceblast (4) for 96 gold pieces
 18193 | D:7      | Bought a potion of mutation for 96 gold pieces
 18193 | D:7      | Bought a scroll of identify for 24 gold pieces
 18193 | D:7      | Bought a potion of attraction for 36 gold pieces
 18193 | D:7      | Bought a scroll of identify for 24 gold pieces
 18193 | D:7      | Bought a scroll of vulnerability for 90 gold pieces
 18595 | D:11     | Found Beediq's Magic Scroll Emporium.
 18603 | D:11     | Bought a scroll of fear for 45 gold pieces
 18603 | D:11     | Bought a scroll of teleportation for 39 gold pieces
 18603 | D:11     | Bought a scroll of summoning for 123 gold pieces
 19187 | D:12     | Reached skill level 10 in Invocations
 19265 | D:12     | Noticed Josephine
 19294 | D:12     | HP: 19/100 [Josephine/ghostly fireball (21)]
 19299 | D:12     | Killed Josephine
 19301 | D:12     | HP: 19/102 [skeletal warrior/+0 trident (7)]
 19303 | D:12     | HP: 9/97 [skeletal warrior/+1 mace of draining (2)]
 19762 | D:12     | You fall into a shaft and drop 3 floors!
 19762 | D:15     | Entered Level 15 of the Dungeon
 19875 | D:15     | Reached skill level 10 in Fighting
 19875 | D:15     | Reached skill level 10 in Dodging
 20048 | D:15     | Reached skill level 10 in Stealth
 20095 | D:15     | Found a staircase to the Depths.
 20162 | D:15     | Reached XP level 15. HP: 103/115 MP: 28/28
 20986 | Orc:1    | Entered Level 1 of the Orcish Mines
 21449 | Orc:2    | Entered Level 2 of the Orcish Mines
 21645 | Orc:2    | Reached skill level 10 in Short Blades
 21645 | Orc:2    | Reached skill level 10 in Long Blades
 21645 | Orc:2    | Reached skill level 10 in Axes
 21645 | Orc:2    | Reached skill level 10 in Maces & Flails
 21645 | Orc:2    | Reached skill level 10 in Polearms
 21645 | Orc:2    | Reached skill level 10 in Staves
 21645 | Orc:2    | Reached skill level 10 in Slings
 21645 | Orc:2    | Reached skill level 10 in Bows
 21645 | Orc:2    | Reached skill level 10 in Crossbows
 21645 | Orc:2    | Reached skill level 10 in Throwing
 21645 | Orc:2    | Reached skill level 10 in Shields
 21645 | Orc:2    | Reached skill level 10 in Unarmed Combat
 21645 | Orc:2    | Reached skill level 10 in Spellcasting
 21777 | Orc:2    | Found Weuteuf's Armour Shoppe.
 21777 | Orc:2    | Found Kacke's Assorted Antiques.
 22250 | Orc:2    | Found a staircase to the Elven Halls.
 22403 | Orc:2    | Found Enain's Book Shoppe.
 22403 | Orc:2    | Found Liossed's Distillery.
 22404 | Orc:2    | Paralysed by an orc sorcerer for 4 turns
 22421 | Orc:2    | Bought a potion of heal wounds for 75 gold pieces
 22421 | Orc:2    | Bought a potion of heal wounds for 75 gold pieces
 22421 | Orc:2    | Bought a potion of heal wounds for 75 gold pieces
 22421 | Orc:2    | Bought a potion of heal wounds for 75 gold pieces
 22717 | Orc:2    | Bought a glowing plate armour for 702 gold pieces
 22723 | Orc:2    | Learned a level 2 spell: Passwall
 22726 | Orc:2    | Learned a level 2 spell: Ensorcelled Hibernation
 23561 | D:13     | Identified the +0 helmet of Hide-and-Seek {Harm rF+ Will+
                  | Slay+3}
 24659 | D:14     | Identified the +1 ring mail of Beogh's Envy {rF+ rC++
                  | Dex+3}
 24665 | D:14     | Reached XP level 16. HP: 124/124 MP: 25/30
 24665 | D:14     | Identified the ring "Peisecemn" {Fly rPois}
 25570 | D:14     | Found a gate to the Vaults.
 25882 | D:10     | Killed hquester's ghost
 26135 | Lair:2   | Killed Mistam's ghost
 26136 | Lair:2   | Reached skill level 11 in Shields
 26676 | D:10     | Learned a level 3 spell: Ignite Poison
 26680 | D:10     | Learned a level 3 spell: Mephitic Cloud
 26684 | D:10     | Learned a level 3 spell: Swiftness
 26860 | Lair:4   | Upgraded the game from 0.29-a0-416-g83a48905f1 to
                  | 0.29-a0-418-gc0181ea820
 26865 | Snake:1  | Entered Level 1 of the Snake Pit
 26917 | Snake:1  | Found Bymudgh's Overcharged Wands.
 26939 | Snake:1  | Found Buyps's Armour Shop.
 26944 | Snake:1  | Found Dihecech's Antique Armour Shop.
 26952 | Snake:1  | Bought a translucent cloak for 380 gold pieces
 26952 | Snake:1  | Identified the +0 cloak "Jisevon" {Will+ Slay+3} (You
                  | bought it in a shop on level 1 of the Snake Pit)
 26963 | Snake:1  | Bought a pair of fading boots for 380 gold pieces
 26963 | Snake:1  | Identified the +2 pair of boots of Dice, Bag, and Bottle
                  | {Rampage Regen+ Dex+2} (You bought it in a shop on level 1
                  | of the Snake Pit)
 27035 | Snake:1  | Identified Roxanne's Reference Book on Changing
 27035 | Snake:1  | Noticed Roxanne
 27236 | Snake:1  | Identified the +8 lajatang of Fortifying Misery {vorpal,
                  | *Slow rC++ Will+ Dex+3}
 27951 | Snake:2  | HP: 15/126 [salamander mystic/bolt of magma (21)]
 28095 | Snake:2  | Identified the ring of the Heron {Ice rCorr Int+2 Dex-5}
 29039 | Snake:2  | Found Tapreg's Jewellery Emporium.
 29040 | Snake:2  | Found Iteog's General Store.
 29060 | Snake:2  | Found Wamymive's Armour Shop.
 29060 | Snake:2  | Found Raanges's Assorted Antiques.
 29299 | Snake:2  | Reached XP level 17. HP: 69/132 MP: 32/32
 29451 | Snake:3  | Reached skill level 12 in Shields
 29623 | Snake:3  | Noticed Agnes
 29632 | Snake:3  | Killed Agnes
 29808 | Snake:3  | Noticed Mara
 29826 | Snake:3  | Noticed jfcaron's illusion
 29844 | Snake:3  | Noticed jfcaron's illusion
 29848 | Snake:3  | Killed Mara
 30102 | Snake:3  | Noticed Jorgrun
 30118 | Snake:3  | Killed Jorgrun
 30602 | Snake:4  | Entered Level 4 of the Snake Pit
 30681 | Snake:4  | Found a transporter.
 30695 | Snake:4  | Found a transporter.
 30760 | Snake:4  | Found a transporter.
 30762 | Snake:4  | Found a transporter.
 30809 | Snake:4  | Reached skill level 10 in Conjurations
 30809 | Snake:4  | Reached skill level 10 in Hexes
 30809 | Snake:4  | Reached skill level 10 in Summonings
 30809 | Snake:4  | Reached skill level 10 in Necromancy
 30809 | Snake:4  | Reached skill level 10 in Translocations
 30809 | Snake:4  | Reached skill level 10 in Transmutations
 30809 | Snake:4  | Reached skill level 10 in Fire Magic
 30809 | Snake:4  | Reached skill level 10 in Ice Magic
 30809 | Snake:4  | Reached skill level 10 in Air Magic
 30809 | Snake:4  | Reached skill level 10 in Earth Magic
 30809 | Snake:4  | Reached skill level 10 in Poison Magic
 31112 | Snake:4  | Found a transporter.
 31114 | Snake:4  | Found a transporter.
 31146 | Snake:4  | Found Jew Ymag's Assorted Antiques.
 31558 | Snake:4  | Reached skill level 13 in Shields
 31938 | Snake:4  | Reached XP level 18. HP: 134/141 MP: 34/34
 32900 | Snake:4  | Got a serpentine rune of Zot
 33316 | Snake:1  | Killed Roxanne
 33406 | Shoals:1 | Entered Level 1 of the Shoals
 35462 | Shoals:2 | Reached skill level 14 in Shields
 35909 | Shoals:3 | Found Saudun's Self-Improvement Boutique.
 36419 | Shoals:4 | Entered Level 4 of the Shoals
 36626 | Shoals:4 | Found Sudoan's Distillery.
 36657 | Shoals:4 | Bought a potion of curing for 45 gold pieces
 36927 | Snake:2  | Bought the ring "Diec" {Fly Will+ rCorr Str-2 SInv} for 571
                  | gold pieces
 37103 | Shoals:4 | Found Lekkio's Antique Weapon Shop.
 37295 | Shoals:4 | Reached XP level 19. HP: 133/149 MP: 32/35
 37443 | Shoals:4 | Got Sofotho's Compendium of the Glacier
 37544 | Shoals:4 | Identified the amulet "Nulih" {Reflect *Slow rF+ rN+ SH+5
                  | SInv}
 37584 | Shoals:4 | Found Viuwaeh's Assorted Antiques.
 37926 | Shoals:4 | Got a barnacled rune of Zot
 37973 | Shoals:4 | Found Xaskekh's Magic Scroll Boutique.
 38732 | Elf:1    | Entered Level 1 of the Elven Halls
 39178 | Elf:1    | Reached skill level 15 in Shields
 39257 | Elf:1    | HP: 27/150 [+2 battleaxe of freezing (10)]
 39266 | Elf:1    | HP: 29/150 [+6 vampiric trident (10)]
 39388 | Elf:1    | Found a runed translucent gate.
 39388 | Elf:1    | Found a runed translucent gate.
 39388 | Elf:1    | Found a runed translucent gate.
 39388 | Elf:1    | Found a runed translucent gate.
 39388 | Elf:1    | Found a runed translucent gate.
 39389 | Elf:1    | Found a runed translucent gate.
 39965 | Elf:2    | Found Owkibbytz's Assorted Antiques.
 40317 | Elf:2    | Found a huge runed translucent gate.
 40317 | Elf:2    | Found a huge runed translucent gate.
 40328 | Elf:2    | Found a huge runed translucent gate.
 40445 | Elf:2    | Found a huge runed translucent gate.
 40445 | Elf:2    | Found a huge runed translucent gate.
 40494 | Elf:3    | Entered Level 3 of the Elven Halls
 40835 | Elf:3    | Reached XP level 20. HP: 98/158 MP: 17/37
 40980 | Elf:3    | Identified the +4 morningstar "Lorhen" {pain, rF++}
 41120 | Elf:3    | Paralysed by an air elemental for 1 turns
 41329 | Elf:3    | Identified the ring of Ruicuamn {+Blink rF+ Str+2 Dex+6}
 41350 | Elf:3    | Identified the +5 rapier of Vyerphux {freeze, rElec rPois
                  | rF+ rN+++}
 41547 | Elf:3    | Reached skill level 15 in Evocations
 41770 | Elf:3    | Got Kekaurphi's Almanac of Beguiling
 41833 | Elf:3    | Got the Compendium of Bewitchment
 41836 | Elf:3    | Got the Collected Works on Cold
 41839 | Elf:3    | Got Cerebov's Collected Works on the Arsonist
 41921 | Elf:3    | Got the Disquisition on Ashen Displacement
 41968 | Elf:3    | Found a radiant altar of Vehumet.
 42472 | Elf:2    | Reached skill level 16 in Shields
 42700 | Elf:2    | Reached skill level 15 in Invocations
 43580 | Lair:1   | Killed Nipigouma's ghost
 44075 | D:14     | Learned a level 4 spell: Hailstorm
 44080 | D:14     | Learned a level 4 spell: Flame Wave
 44085 | D:14     | Learned a level 4 spell: Summon Lightning Spire
 44090 | D:14     | Learned a level 4 spell: Animate Armour
 44093 | D:14     | Upgraded the game from 0.29-a0-418-gc0181ea820 to
                  | 0.29-a0-422-gafbd6decc1
 44442 | Shoals:3 | Bought a manual of Fighting for 1200 gold pieces
 44792 | Vaults:1 | Entered Level 1 of the Vaults
 45245 | Vaults:1 | Found Lihatip's Weapon Shop.
 45815 | Vaults:1 | Reached XP level 21. HP: 161/166 MP: 31/39
 46169 | Vaults:2 | Found a magical portal.
 46191 | WizLab   | Entered Eringya's Formal Garden
 46537 | WizLab   | Reached skill level 15 in Dodging
 46639 | WizLab   | Found a blossoming altar of Fedhas.
 46694 | WizLab   | Reached skill level 15 in Armour
 47224 | Vaults:2 | Reached skill level 15 in Fighting
 47224 | Vaults:2 | Reached skill level 17 in Shields
 47311 | Vaults:2 | Found a staircase to the Crypt.
 47311 | Vaults:2 | Found a basalt altar of Yredelemnul.
 47311 | Vaults:2 | Found an ancient bone altar of Kikubaaqudgha.
 47439 | Vaults:2 | Found Doureozie's Jewellery Boutique.
 47797 | Vaults:2 | Reached XP level 22. HP: 176/176 MP: 40/40
 48224 | Vaults:2 | Reached skill level 15 in Stealth
 48640 | Vaults:3 | Reached XP level 23. HP: 184/184 MP: 41/41
 49032 | Vaults:3 | Reached skill level 18 in Shields
 49049 | Vaults:3 | Reached skill level 15 in Short Blades
 49049 | Vaults:3 | Reached skill level 15 in Long Blades
 49049 | Vaults:3 | Reached skill level 15 in Axes
 49049 | Vaults:3 | Reached skill level 15 in Maces & Flails
 49049 | Vaults:3 | Reached skill level 15 in Polearms
 49049 | Vaults:3 | Reached skill level 15 in Staves
 49049 | Vaults:3 | Reached skill level 15 in Slings
 49049 | Vaults:3 | Reached skill level 15 in Bows
 49049 | Vaults:3 | Reached skill level 15 in Crossbows
 49049 | Vaults:3 | Reached skill level 15 in Throwing
 49049 | Vaults:3 | Reached skill level 15 in Unarmed Combat
 49049 | Vaults:3 | Reached skill level 15 in Spellcasting
 49771 | Vaults:3 | Found Bokat's General Store.
 49779 | Vaults:3 | Bought a potion of heal wounds for 90 gold pieces
 50915 | Vaults:4 | Found a runed translucent door.
 50915 | Vaults:4 | Noticed Ulaemata's ghost (adept HaHu)
 51517 | Vaults:4 | Learned a level 5 spell: Alistair's Intoxication
 51523 | Vaults:4 | Learned a level 5 spell: Freezing Cloud
 51529 | Vaults:4 | Learned a level 5 spell: Silence
 51752 | Vaults:4 | Killed Ulaemata's ghost
 52460 | Crypt:1  | Entered Level 1 of the Crypt
 52693 | Crypt:1  | Noticed Aizul
 52702 | Crypt:1  | Killed Aizul
 53107 | Crypt:1  | Noticed Bai Suzhen
 53121 | Crypt:1  | Killed Bai Suzhen
 53495 | Crypt:2  | Reached skill level 19 in Shields
 53495 | Crypt:2  | Reached XP level 24. HP: 176/195 MP: 42/42
 53720 | Crypt:2  | Found a basalt altar of Yredelemnul.
 54995 | Crypt:3  | Entered Level 3 of the Crypt
 55362 | Crypt:3  | Noticed a curse toe
 55368 | Crypt:3  | Killed a curse toe
 55985 | Crypt:3  | Found a staircase to the Tomb.
 56266 | Crypt:3  | Noticed a dread lich
 56329 | Crypt:3  | Noticed an ancient lich
 56440 | Crypt:3  | Identified the ring "Rew Ykh" {Int+2 SInv}
 56456 | Crypt:3  | Killed a dread lich
 56459 | Crypt:3  | Killed an ancient lich
 56527 | Crypt:3  | Identified the +6 scale mail of the Shoals {Str+4 Int-5
                  | Dex+4}
 56542 | Crypt:3  | Identified the +1 ring mail of the Arena {Contam rElec
                  | SInv}
 56550 | Crypt:3  | Acquired the +4 tower shield of Xurphohoa {rElec rCorr
                  | Slay+3}
 57033 | Shoals:4 | Bought a scroll of summoning for 123 gold pieces
 57033 | Shoals:4 | Bought a scroll of vulnerability for 97 gold pieces
 57033 | Shoals:4 | Bought a scroll of teleportation for 39 gold pieces
 57033 | Shoals:4 | Bought a scroll of enchant weapon for 97 gold pieces
 57625 | D:15     | Found an ornate altar of the Wu Jian Council.
 58131 | D:15     | Got the Disquisition on Lethal Orientation
 58147 | D:15     | Learned a level 1 spell: Apportation
 58270 | Depths:1 | Entered Level 1 of the Depths
 58414 | Depths:1 | Found a one-way gateway to a ziggurat.
 58522 | Depths:1 | Reached skill level 20 in Shields
 58615 | Depths:1 | Found Isicouw's Jewellery Emporium.
 58616 | Depths:1 | Found Dopn's Book Shop.
 58626 | Depths:1 | Found Uqyd's Book Shop.
 58666 | Depths:1 | Bought a manual of Axes for 1360 gold pieces
 58696 | Depths:1 | Reached XP level 25. HP: 205/205 MP: 43/43
 58911 | Depths:1 | Found a glowing silver altar of Zin.
 58914 | Depths:1 | Found a one-way gate to the infinite horrors of the Abyss.
 59121 | Depths:1 | Found a gateway to Hell.
 59628 | Depths:2 | Found a broken altar of Ashenzari.
 59782 | Depths:2 | Found a runed translucent door.
 60129 | Depths:2 | Found a one-way gate leading to the halls of Pandemonium.
 60593 | Depths:2 | Killed from afar by a tengu reaver

Illustrated notes

Levels and vault maps discovered:
D:1:      dpeg_arrival_snail, layout_basic, serial_corexii_hall,
          corexii_hall_statues_t, corexii_hall_statues_i,
          chequers_hall_statues_corner_a, chequers_hall_statues_wall_a
D:2:      layout_basic, chequers_garden, minmay_lizard_pond
D:3:      layout_basic, serial_curves, eino_curves_02, eino_curves_04,
          hellmonk_ecumenical_altar_zigzags
D:4:      layout_gridville, serial_shops, nicolae_shop_bloodbath_and_beyond,
          uniq_crazy_yiuf_cottage, uniq_blork_the_orc, uniq_edmund
D:5:      layout_basic, minmay_temple_entry_statues_fountains,
          eino_tiny_chamber, uniq_menkaure
D:6:      layout_basic, portal_sewer_entry_e
D:7:      layout_basic, serial_shops, shop, uniq_prince_ribbit1, uniq_maggie
D:8:      layout_loops_corners, mainiacjoe_overflow_boulevard, dpeg_oklobed_lair
D:9:      layout_roguey, minmay_fractal_squares_diagonal_5
D:10:     layout_loops_cross, gammafunk_ghost_nasty_kobolds, serial_glass,
          glass_columns_b, glass_columns_c, kennysheep_cross_bottleneck,
          minmay_quadrilaterals, uniq_gastronok
D:11:     layout_loops_corners, serial_shops, nicolae_shop_stone
D:12:     layout_small_grid, uniq_josephine
D:13:     minmay_crescents, layout_loops_ring
D:14:     layout_long_grid, grunt_vaults_entry_tiered, special_room
          [special_room_orc], minmay_protected_statue
D:15:     grunt_enter_depths_hoard, layout_gridville, nzn_wu_jian_council_hall,
          minmay_librarian
Temple:   mainiacjoe_temple_hex_bubbles
Lair:1:   layout_gridlike, special_room [special_room_bee],
          gammafunk_ghost_arena, serial_bayou_shore_a
Lair:2:   layout_chaotic_city, maelrawn_ghost_gauntlet_escape, pond
Lair:3:   layout_small_grid, beast_lair_carwin_2
Lair:4:   layout_layer_cave, minmay_shoals_entry_centaurs,
          guppyfry_snake_entry_garden, beast_lair_carwin_8
Lair:5:   layout_roguey
Lair:6:   grunt_lair_end_beastmaster, layout_hall_layers,
          minmay_slime_entry_jelly_boxes, grunt_megastairs_2
Shoals:1: layout_shoals
Shoals:2: layout_shoals
Shoals:3: layout_shoals, nicolae_shop_self_help
Shoals:4: shoals_end_hangedman, layout_shoals, serial_shops, shop,
          nicolae_shop_stone, shop, shop, nicolae_shoals_land_atoll,
          nicolae_shoals_stone_sculpture_thing
Snake:1:  layout_rooms, nicolae_shop_overcharged_wands, minmay_shop_star,
          grunt_megastairs_1, uniq_roxanne
Snake:2:  layout_chambers, nicolae_snake_serpentine_bazaar
Snake:3:  layout_chambers, lemuel_fruit_tree, serial_bayou_shore_b,
          grunt_megastairs_5, serial_bayou_shore_b, uniq_mara, uniq_agnes,
          uniq_jorgrun
Snake:4:  snake_pit_salamanders_mu, layout_onion, serial_shops,
          nicolae_shop_hallway_plus, serial_nicolae_subway,
          nicolae_sub_station_stone, nicolae_sub_station_metal,
          nicolae_sub_station_crystal
Orc:1:    layout_caves, basic_altar
Orc:2:    st_orc_town, layout_diamond_mine, nicolae_orc_sculptors_studio
Elf:1:    elf_arrival_002, layout_loops_corners, orc_legates
Elf:2:    elven_hall_of_blades_hangedman_alternative
          [nicolae_blade_entry_pointy_end], layout_geoelf_octagon, serial_shops,
          nicolae_shop_overgrown_old_shop
Elf:3:    grunt_elf_hall_diamonds, layout_rooms, basic_altar
Vaults:1: hangedman_vaults_corner_blocks, v_misc_23, vaults_room_fours,
          vaults_room_grunt_arrival_ludios, st_lattice, layout_vaults_omnigrid,
          serial_shops, shop
Vaults:2: infiniplex_enter_wizlab_glasses, v_pattern_3,
          nicolae_vaults_sealed_display, minmay_crypt_entry_necro_gods,
          hangedman_vaults_pinch, vaults_room_door_ring,
          nicolae_vaults_alarming, vaults_room_corners,
          nicolae_vaults_network_s, vaults_room_octagon,
          nicolae_vaults_specimen_jars, v_alt_pattern_1,
          vaults_room_guarded_vault, layout_vaults_maze_snakey, serial_shops,
          nicolae_shop_behind_doors
Vaults:3: v_misc_30, nicolae_vaults_display_case, hangedman_vaults_nails,
          nicolae_vaults_puzzle_piece, nicolae_vaults_network_periphery,
          grunt_vaults_focal, nicolae_vaults_windows_and_doors_thing,
          nicolae_vaults_mini_display_case, v_misc_16, grunt_vaults_bifocal,
          vaults_dpeg_diagonal, vaults_room_door_ring,
          nicolae_vaults_ring_of_whatevers, layout_vaults_big_room,
          serial_shops, shop
Vaults:4: gammafunk_ghost_grave, ontoclasm_vaults_bender, v_misc_27, v_misc_14,
          v_alt_pattern_2, nicolae_vaults_network_star,
          vaults_dpeg_encased_lava, hangedman_vaults_stream,
          nicolae_vaults_network_square, nicolae_vaults_asterisk,
          nicolae_vaults_ring_of_whatevers, ontoclasm_vaults_shuriken,
          nicolae_vaults_three_branches, layout_vaults_omnicross
Crypt:1:  layout_regular_city, uniq_bai_suzhen, uniq_aizul
Crypt:2:  layout_catacombs, basic_altar, chequers_big_river
Crypt:3:  david_glass_crypt, layout_misc_corridors,
          nicolae_tomb_entry_unfolded_pyramid_diagonal
Depths:1: layout_gridlike, enter_ziggurat_b, pf_dread_powers_of_hell,
          hangedman_abyss_entry_splay, zin_academy, firewood_loft,
          minmay_shop_grove
Depths:2: minmay_gate_of_8, layout_honeycomb, grunt_mini_vestibule,
          grunt_pan_entry_spiral, wad_floor_pattern_untrapped, abyss_entry,
          ashenzari_altar_1

Skill      XL: |  1  2  3  4  5  6  7  8  9 10 11 12 13 14 15 16 17 18 19 20 21 22 23 24 25 |
---------------+----------------------------------------------------------------------------+-----
Invocations    | 1 2 3 4 5 6 7 8 9 10 11 12 13 14 15 16 17 | 17.9
Short Blades   | 1 2 3 4 6 7 8 9 10 11 12 13 14 15 16 | 16.5
Long Blades    | 1 2 3 4 6 7 8 9 10 11 12 13 14 15 16 | 16.5
Axes           | 1 2 3 4 6 7 8 9 10 11 12 13 14 15 16 | 16.8
Maces & Flails | 1 2 3 4 6 7 8 9 10 11 12 13 14 15 16 | 16.5
Polearms       | 1 2 3 4 6 7 8 9 10 11 12 13 14 15 16 | 16.5
Staves         | 1 2 3 4 6 7 8 9 10 11 12 13 14 15 16 | 16.5
Slings         | 1 2 3 4 6 7 8 9 10 11 12 13 14 15 16 | 16.5
Bows           | 1 2 3 4 6 7 8 9 10 11 12 13 14 15 16 | 16.5
Crossbows      | 1 2 3 4 6 7 8 9 10 11 12 13 14 15 16 | 16.5
Throwing       | 1 2 3 4 6 7 8 9 10 11 12 13 14 15 16 | 16.5
Shields        | 1 2 3 4 6 7 8 9 10 11 13 14 15 16 17 19 20 | 20.4
Unarmed Combat | 1 2 3 4 6 7 8 9 10 11 12 13 14 15 16 | 16.5
Spellcasting   | 1 2 3 4 6 7 8 9 10 11 12 13 14 15 16 | 16.5
Conjurations   | 1 2 3 4 5 6 7 8 9 10 11 12 13 14 | 14.1
Hexes          | 1 2 3 4 5 6 7 8 9 10 11 12 13 14 | 14.1
Summonings     | 1 2 3 4 5 6 7 8 9 10 11 12 13 14 | 14.1
Necromancy     | 1 2 3 4 5 6 7 8 9 10 11 12 13 14 | 14.1
Translocations | 1 2 3 4 5 6 7 8 9 10 11 12 13 14 | 14.1
Transmutations | 1 2 3 4 5 6 7 8 9 10 11 12 13 14 | 14.1
Fire Magic     | 1 2 3 4 5 6 7 8 9 10 11 12 13 14 | 14.1
Ice Magic      | 1 2 3 4 5 6 7 8 9 10 11 12 13 14 | 14.1
Air Magic      | 1 2 3 4 5 6 7 8 9 10 11 12 13 14 | 14.1
Earth Magic    | 1 2 3 4 5 6 7 8 9 10 11 12 13 14 | 14.1
Poison Magic   | 1 2 3 4 5 6 7 8 9 10 11 12 13 14 | 14.1
Fighting       | 3 4 5 6 7 8 9 10 11 12 13 14 15 16 17 18 | 18.9
Dodging        | 3 4 5 6 7 8 9 10 11 12 13 14 15 16 17 18 19 | 19.1
Armour         | 5 6 7 8 9 10 11 12 13 14 15 16 17 | 17.1
Stealth        | 3 4 5 6 7 8 9 10 11 12 13 14 15 16 | 16.7
Evocations     | 7 8 9 10 11 12 13 14 15 16 17 | 17.6

Action                   |  1- 3 |  4- 6 |  7- 9 | 10-12 | 13-15 | 16-18 | 19-21 | 22-24 | 25-27 || total
-------------------------+-------+-------+-------+-------+-------+-------+-------+-------+-------++-------
Melee: Short sword       |    82 |       |       |       |       |       |       |       |       ||    82
       Bite              |     7 |     6 |    23 |    63 |   126 |   129 |    96 |   156 |    24 ||   630
       Trident           |    24 |    55 |       |       |       |       |       |       |       ||    79
       Broad axe         |       |     5 |   202 |   138 |   447 |   122 |   230 |   373 |   128 ||  1645
       Staff             |       |       |       |   167 |   278 |   640 |   344 |   124 |       ||  1553
       Falchion          |       |       |       |    13 |    44 |       |       |       |       ||    57
       Eudemon blade     |       |       |       |       |       |       |       |   334 |       ||   334
 Fire: Hand crossbow     |       |       |       |       |       |       |    52 |     9 |       ||    61
Throw: Stone             |    79 |    27 |   135 |   161 |   274 |   144 |       |       |       ||   820
       Dart              |       |    12 |    11 |     2 |    15 |     7 |     6 |       |       ||    53
       Boomerang         |       |       |       |       |    57 |   183 |   186 |    75 |    93 ||   594
       Javelin           |       |       |       |       |       |     6 |     7 |    10 |     3 ||    26
 Cast: Animate Armour    |       |       |       |       |       |       |     1 |       |       ||     1
       Flame Wave        |       |       |       |       |       |       |     1 |       |       ||     1
       Alistair's Intoxi |       |       |       |       |       |       |       |     1 |       ||     1
       Silence           |       |       |       |       |       |       |       |     1 |       ||     1
Invok: Recite            |       |       |     4 |     9 |    52 |    52 |    37 |    36 |     5 ||   195
       Vitalisation      |       |       |       |     1 |     2 |     1 |       |       |       ||     4
 Abil: Evoke the Staff o |       |       |       |    47 |    92 |   121 |   120 |    34 |       ||   414
Evoke: Wand              |     8 |    11 |     6 |    13 |    32 |    13 |    13 |     4 |     4 ||   104
       Lightning rod     |       |       |       |       |       |       |     7 |       |       ||     7
       Tin of tremorston |       |       |       |       |       |       |       |     4 |       ||     4
  Use: Scroll            |       |     9 |    12 |     2 |     7 |     5 |     5 |     3 |       ||    43
       Potion            |       |       |     2 |     3 |     5 |     1 |     1 |       |       ||    12
 Stab: Confused          |       |       |       |     2 |    24 |    45 |    20 |    25 |     1 ||   117
       Invisible         |       |       |       |     2 |     4 |    10 |       |     2 |       ||    18
       Paralysed         |       |       |       |     1 |     9 |     7 |     5 |     1 |       ||    23
       Sleeping          |       |       |       |     1 |     1 |     3 |       |    12 |     3 ||    20
       Petrified         |       |       |       |       |     6 |       |       |       |       ||     6
       Distracted        |       |       |       |       |     1 |       |     1 |     5 |     1 ||     8
Armor: Leather armour    |    22 |       |       |       |       |       |       |       |       ||    22
       Chain mail        |    14 |    50 |   142 |   143 |   315 |    44 |    66 |       |       ||   774
       Skin              |       |       |     5 |       |       |       |       |       |       ||     5
       Plate armour      |       |       |       |    19 |       |       |       |       |       ||    19
       Storm dragon scal |       |       |       |       |       |   246 |   155 |   229 |    16 ||   646
Dodge: Dodged            |    62 |    22 |    96 |   139 |   303 |   264 |   180 |   231 |    29 ||  1326
Block: Kite shield       |       |       |       |     6 |   510 |   476 |   405 |   417 |       ||  1814
       Tower shield      |       |       |       |       |       |       |       |    73 |    88 ||   161

Table legend: (Time is in decaauts)
 A = Elapsed time spent in this place.
 B = Non-inter-level travel time spent in this place.
 C = Inter-level travel time spent in this place.
 D = Time resting spent in this place.
 E = Time spent auto-exploring this place.
 F = Levels seen in this place.
 G = Mean time per level.
                   A        B        C        D        E       F      G
               +--------+--------+--------+--------+--------+-----+--------+
         Total |  60537 |  51835 |   8702 |   7391 |  31488 |  46 | 1316.0 |
       Dungeon |  19244 |  15281 |   3963 |   1438 |  10072 |  15 | 1282.9 |
        Temple |    302 |    228 |     74 |      0 |    225 |   1 |  302.0 |
          Lair |   8511 |   7176 |   1335 |    502 |   5081 |   6 | 1418.5 |
        Shoals |   5232 |   4385 |    847 |    685 |   2551 |   4 | 1308.0 |
     Snake Pit |   6522 |   6003 |    519 |   1359 |   3069 |   4 | 1630.5 |
  Orcish Mines |   1900 |   1652 |    248 |    142 |   1044 |   2 |  950.0 |
   Elven Halls |   4705 |   4081 |    624 |   1154 |   1843 |   3 | 1568.3 |
        Vaults |   6200 |   5566 |    634 |    661 |   3423 |   4 | 1550.0 |
         Crypt |   4293 |   3936 |    357 |   1039 |   2032 |   3 | 1431.0 |
        Depths |   2277 |   2179 |     98 |    134 |   1595 |   2 | 1138.5 |
         Sewer |    362 |    362 |      0 |      0 |    252 |   1 |  362.0 |
        Wizlab |    984 |    984 |      0 |    274 |    299 |   1 |  984.0 |
               +--------+--------+--------+--------+--------+-----+--------+

Top non-repeatable levels by time:
 Snake:4: 2460 daAuts
    D:13: 1888 daAuts
   Elf:3: 1813 daAuts
Vaults:3: 1786 daAuts
    D:14: 1778 daAuts
  Lair:6: 1663 daAuts
Vaults:2: 1653 daAuts
     D:1: 1648 daAuts
 Crypt:3: 1645 daAuts
  Lair:1: 1637 daAuts
  Lair:2: 1606 daAuts
     D:8: 1596 daAuts
Shoals:4: 1553 daAuts
    D:10: 1536 daAuts
 Crypt:2: 1523 daAuts
